 Dungeon Crawl Stone Soup version 0.18-a0-1078-gebb93d0 (webtiles) character file.

3203 M4edhros the Covert (level 9, -3/53 HPs)
             Began as an Octopode Artificer on Jan 14, 2016.
             Was a Believer of Fedhas.
             Shot with a bolt by an orc warrior (28 damage)
             ... in a bailey.
             The game lasted 00:15:53 (7156 turns).

M4edhros the Covert (Octopode Artificer)            Turns: 7156, Time: 00:15:53

Health: -3/53      AC:  1    Str: 15    XL:     9   Next: 96%
Magic:  14/14      EV: 16    Int: 21    God:    Fedhas [**....]
Gold:   393        SH:  2    Dex: 12    Spells: 0 memorised, 8 levels left

rFire  . . .     SeeInvis .     J - +2 spear (flame)
rCold  . . .     Gourm    .     (no shield)
rNeg   . . .     Faith    .     (helmet restricted)
rPois  +         Spirit   .     D - amulet "Esetzeid" {Reflect Int+4 Slay+2 SH+2}
rElec  .         Dismiss  .     l - ring of poison resistance
rCorr  .         Reflect  +     E - ring of flight
SustAt .         Harm     .     (no ring)
MR     .....     Clarity  +     (no ring)
Stlth  ++++++....               (no ring)
                                (no ring)
                                (no ring)
                                (no ring)

@: not resistant to hostile enchantments, very stealthy
A: almost no armour, amphibious, 8 rings, constrict 8, antennae 1, camouflage 1,
blink, clarity, strong 2, gelatinous body 1
a: Blink, Evolution, Sunlight, Renounce Religion, Evoke Flight


You were in a bailey.
You worshipped Fedhas.
Fedhas was pleased with you.
You were not hungry.

You visited 1 branch of the dungeon, and saw 8 of its levels.
You also visited: Sewer and Bailey.

You collected 393 gold pieces.

Inventory:

Hand Weapons
 a - a +0 short sword
 s - a +1 dagger of speed
 J - a +2 spear of flaming (weapon)
Missiles
 n - 48 sling bullets
 o - 205 stones
 K - 5 throwing nets (quivered)
 M - 5 javelins
Armour
 N - a +0 buckler
Jewellery
 l - a ring of poison resistance (left tentacle)
 D - the amulet "Esetzeid" (around mantle) {Reflect Int+4 Slay+2 SH+2}
   (You found it on level 5 of the Dungeon)

   [amulet of reflection]

   It shields you and reflects attacks.
   It affects your intelligence (+4).
   It affects your accuracy and damage with ranged weapons and melee attacks
   (+2).
   It affects your SH (+2).
 E - a ring of flight (right tentacle)
Wands
 b - a wand of flame (0/48)
 c - a wand of enslavement (6/24)
 d - a wand of random effects (1/48)
 r - a wand of magic darts (9/48)
 w - a wand of digging (7/24)
 C - a wand of disintegration (12/24)
 I - a wand of frost (26/48)
Scrolls
 e - 2 scrolls of recharging {unknown}
 i - 4 scrolls of identify
 j - a scroll of enchant armour {unknown}
 k - 9 scrolls of remove curse
 y - a scroll of random uselessness {unknown}
 z - 2 scrolls of fear {unknown}
 A - 2 scrolls of teleportation {unknown}
 B - a scroll of magic mapping
 H - 3 scrolls of enchant weapon
 P - a scroll of torment {unknown}
Potions
 h - a potion of heal wounds
 p - 2 potions of flight
 q - 3 potions of curing {unknown}
 t - 2 potions of agility {unknown}
 u - a potion of brilliance {unknown}
 v - a potion of lignification {unknown}
 x - a potion of might {unknown}
 F - a potion of poison {unknown}
 G - a potion of ambrosia {unknown}
 L - a potion of mutation {unknown}
Books
 S - a book of Ice

   Spells                             Type                      Level
   a - Ice Form                       Ice/Transmutation            4
   b - Metabolic Englaciation         Hexes/Ice                    5
   c - Ozocubu's Refrigeration        Ice                          6
   d - Bolt of Cold                   Conjuration/Ice              6
   e - Freezing Cloud                 Conjuration/Ice/Air          6
   f - Simulacrum                     Ice/Necromancy               6
Comestibles
 f - 5 bread rations
 g - 3 beef jerkies
 m - a royal jelly
 O - a slice of pizza
 Q - a fruit
 R - a meat ration


   Skills:
 - Level 1.0 Fighting
 - Level 1.0 Short Blades
 * Level 8.5 Dodging
 * Level 11.4 Stealth
 + Level 4.3 Invocations
 + Level 7.2 Evocations


You had 8 spell levels left.
You didn't know any spells.

Dungeon Overview and Level Annotations

Branches:
Dungeon (8/15)             Temple (0/1) D:7
   Lair: D:8-11

Altars:
Ashenzari
Cheibriados
Fedhas
Okawaru
Sif Muna
Trog
The Shining One

Shops:
D:4 :   D:8 [*


Innate Abilities, Weirdness & Mutations

You cannot wear most types of armour.
You are amphibious.
You can wear up to eight rings at the same time.
You can use your tentacles to constrict eight enemies at once.
Your skin changes colour to match your surroundings (Stealth).
Your rubbery body absorbs attacks (AC +1).
You have a pair of small antennae on your head.
You can translocate small distances at will.
You possess an exceptional clarity of mind.
Your muscles are very strong. (Str +4)


Message History

Something closely misses your orc warrior.
Your orc warrior hits the orc warrior with an enchanted glaive.
The orc warrior completely misses your orc warrior.
Something closely misses your orc warrior.
Your orc warrior barely misses the orc warrior.
The orc warrior hits your orc warrior with an enchanted halberd!
Something closely misses your orc warrior.
Your orc warrior barely misses the orc warrior.
The orc warrior misses your orc warrior.
Something closely misses your orc warrior.
Your orc warrior hits the orc warrior with an enchanted glaive!
The orc warrior dies!
Your orc warrior looks more experienced.
Something hits your orc warrior.
Your orc warrior hits something with an enchanted glaive!
You feel a bit more experienced.
The orc warrior shoots a bolt.
The bolt hits you!!
Ouch! That really hurt!
You die...
Fedhas appreciates your contribution to the ecosystem.

#### ##∩## ####
....##...##....
≈≈≈..#...#..≈≈≈
≈o≈≈.......≈≈)≈
o≈.......≈o)
.......≈ #...#
#(@.# ##∩## ###


You could see 2 orc warriors and a friendly orc warrior (unaware).

Vanquished Creatures
  A troll (D:8)
  An orc warrior (D:7)
  Purgy (Sewer)
  A sky beast (D:8)
  3 ice beasts
  2 phantoms
  3 ogres
  3 scorpions (D:6)
  2 killer bees (D:8)
  A crimson imp (D:7)
  3 hounds
  3 jellies
  A centaur zombie (D:6)
  4 orc priests
  A centaur skeleton (D:7)
  An orc wizard (D:5)
  2 iguanas
  4 worker ants
  3 gnolls
  10 adders
  A shadow imp (D:6)
  3 adder skeletons
  A worm (D:5)
  4 giant geckos
  19 orcs
  2 giant cockroaches
  8 goblins
  3 hobgoblins
  13 jackals
  10 kobolds
  2 quokkas
  19 bats
  9 giant newts
  4 rats
148 creatures vanquished.

Vanquished Creatures (collateral kills)
  The ghost of M4edhros the Covert, a novice OpAr (D:7)
  A water moccasin (D:7)
  2 phantoms
  A sky beast (D:7)
  3 orc warriors
  11 killer bees (D:8)
  A gnoll shaman (D:6)
  4 orc priests
  3 orc wizards
  A worker ant (D:8)
  6 gnolls
  An adder skeleton (D:6)
  7 orcs
  2 jackals (D:5)
  A quokka (D:7)
45 creatures vanquished.

Vanquished Creatures (others)
  5 killer bees (D:8)
  4 wandering mushrooms (D:8)
  A bush (D:5)
  86 toadstools
96 creatures vanquished.

Grand Total: 289 creatures vanquished

Notes
Turn   | Place    | Note
--------------------------------------------------------------
     0 | D:1      | M4edhros the Octopode Artificer began the quest for the Orb.
     0 | D:1      | Reached XP level 1. HP: 13/13 MP: 3/3
    88 | D:1      | Reached XP level 2. HP: 13/18 MP: 4/4
   513 | D:2      | Reached XP level 3. HP: 19/23 MP: 5/5
   752 | D:4      | Found a glowing golden altar of the Shining One.
   794 | D:4      | Reached XP level 4. HP: 20/28 MP: 6/6
   796 | D:4      | Noticed an ogre
   803 | D:4      | Killed an ogre
   803 | D:4      | Reached skill level 4 in Stealth
   803 | D:4      | Reached XP level 5. HP: 24/33 MP: 6/8
   881 | D:4      | Found Xuvug's Book Boutique.
  1090 | D:4      | Reached skill level 5 in Stealth
  1108 | D:4      | Found a glowing drain.
  1115 | Sewer    | Entered a sewer
  1143 | Sewer    | Noticed Purgy
  1157 | Sewer    | Killed Purgy
  1157 | Sewer    | Reached XP level 6. HP: 20/38 MP: 9/9
  1387 | D:4      | Noticed a phantom
  1396 | D:4      | Killed a phantom
  1396 | D:4      | Reached skill level 6 in Stealth
  1582 | D:4      | Reached skill level 5 in Evocations
  1582 | D:4      | Reached XP level 7. HP: 13/43 MP: 10/10
  2027 | D:5      | Entered Level 5 of the Dungeon
  2048 | D:5      | Found a snail-covered altar of Cheibriados.
  2098 | D:5      | Reached skill level 5 in Dodging
  2098 | D:5      | Reached skill level 7 in Stealth
  2356 | D:5      | Found a blossoming altar of Fedhas.
  2522 | D:5      | Got a glittering ruby amulet
  2523 | D:5      | Identified the amulet "Esetzeid" {Reflect Int+4 Slay+2 SH+2} (You found it on level 5 of the Dungeon)
  2690 | D:5      | Found an iron altar of Okawaru.
  2723 | D:5      | Found a shattered altar of Ashenzari.
  2892 | D:6      | Reached XP level 8. HP: 43/48 MP: 12/12
  3065 | D:5      | Became a worshipper of Fedhas Madash
  3986 | D:2      | Found a bloodstained altar of Trog.
  3998 | D:2      | Reached skill level 8 in Stealth
  4263 | D:1      | Reached * piety under Fedhas
  4957 | D:6      | Reached skill level 1 in Invocations
  5627 | D:7      | Reached ** piety under Fedhas
  5676 | D:7      | Reached skill level 9 in Stealth
  5805 | D:7      | Noticed M4edhros's ghost (novice OpAr)
  5815 | D:7      | Killed M4edhros's ghost
  5815 | D:7      | Reached XP level 9. HP: 51/53 MP: 13/13
  6039 | D:7      | Found a staircase to the Ecumenical Temple.
  6112 | D:7      | Reached skill level 10 in Stealth
  6363 | D:7      | Gained mutation: Your muscles are strong. (Str +2) [mutagenic meat]
  6364 | D:7      | Gained mutation: Your muscles are very strong. (Str +4) [mutagenic meat]
  6365 | D:7      | Gained mutation: You can translocate small distances at will. [mutagenic meat]
  6366 | D:7      | Gained mutation: You possess an exceptional clarity of mind. [mutagenic meat]
  6368 | D:7      | Gained mutation: You have a pair of small antennae on your head. [mutagenic meat]
  6723 | D:7      | Found a deep blue altar of Sif Muna.
  6857 | D:8      | Noticed a troll
  6861 | D:8      | Killed a troll
  6891 | D:8      | Found Jittum's Armour Shoppe.
  7043 | D:8      | Reached skill level 11 in Stealth
  7062 | D:8      | Found Tediphu's Assorted Antiques.
  7096 | D:8      | Found a flagged portal.
  7134 | Bailey   | Entered a bailey
  7156 | Bailey   | Shot with a bolt by an orc warrior

Vault maps used:
D:1:      eino_arrival_cavern_a, hangedman_decor_growths
D:2:      first_bread, trog_butcher_becter
D:4:      nicolae_overflow_crystal_walls, lightli_sewer_entry_pipes,
          serial_shops, shop
D:5:      okawaru_gym_becter, slow_altar_1, fedhas_bush_and_centaur_altar,
          kennysheep_little_box
D:6:      old_forge, kennysheep_generic_room_4
D:7:      lemuel_coloured_pillars_altar, temple_pool_b
D:8:      nicolae_dithmenos_through_a_glass_darkly, kennysheep_mini_moat,
          enter_bailey_2, nicolae_ossuary_entry_giza, serial_shops, shop,
          shop_fountains, nicolae_shop_stone, david_nohive_1
Sewer:    kennysheep_door_sewer
Bailey:   bailey_polearm_4, bailey

Action                   |  1- 3 |  4- 6 |  7- 9 || total
-------------------------+-------+-------+-------++-------
Melee: Short sword       |    35 |       |       ||    35
       Dagger            |    12 |    52 |   151 ||   215
       Spear             |       |       |   103 ||   103
Throw: Throwing net      |       |       |     1 ||     1
Invok: Evolution         |       |       |     6 ||     6
Evoke: Wand              |       |    25 |    17 ||    42
  Use: Scroll            |       |       |     4 ||     4
       Potion            |       |       |     3 ||     3
 Stab: Sleeping          |     8 |     7 |    44 ||    59
       Confused          |       |       |     2 ||     2
       Distracted        |       |       |     1 ||     1
  Eat: Chunk             |       |     1 |    11 ||    12
       Meat ration       |       |       |     3 ||     3
